 Dungeon Crawl Stone Soup version 0.22-a0-608-g8a62e23f9f (webtiles) character file.

34 Jannitor the Vexing (level 3, -6/24 HPs)
             Began as a Demonspawn Enchanter on July 9, 2018.
             Killed from afar by Sigmund (11 damage)
             ... with a magic dart
             ... on level 2 of the Dungeon.
             The game lasted 00:02:52 (1438 turns).

Jannitor the Vexing (Demonspawn Enchanter)          Turns: 1438, Time: 00:02:53

Health: -6/24      AC:  2    Str:  8    XL:     3   Next: 14%
Magic:  2/6        EV: 12    Int: 17    God:
Gold:   14         SH:  0    Dex: 13    Spells: 3/6 levels left

rFire    + . .     SeeInvis .   a - +1 dagger
rCold    + . .     Gourm    .   (no shield)
rNeg     . . .     Faith    .   b - +0 robe
rPois    +         Spirit   .   (no helmet)
rElec    +         Reflect  .   (no cloak)
rCorr    +         Harm     .   (no gloves)
MR       .....                  (no boots)
Stlth    ++........             (no amulet)
HPRegen  0.08/turn              (no ring)
MPRegen  0.10/turn              (no ring)

@: lethally poisoned (-6 -> -13), resistant
A: hooves 1
a: no special abilities


You were on level 2 of the Dungeon.
You were not hungry.

You visited 1 branch of the dungeon, and saw 2 of its levels.

You collected 14 gold pieces.

Inventory:

Hand Weapons
 a - a +1 dagger (weapon)
Missiles
 g - 7 poisoned needles
 l - 47 stones (quivered)
Armour
 b - a +0 robe (worn)
Scrolls
 e - 3 scrolls of identify {unknown}
 h - 3 scrolls of fog {unknown}
 i - a scroll of enchant weapon {unknown}
 k - a scroll of magic mapping {unknown}
Comestibles
 c - 3 chunks of flesh
 d - 4 rations


   Skills:
 + Level 1.6 Short Blades
 - Level 1.7 Dodging
 + Level 3.1 Stealth
 - Level 2.0 Spellcasting
 + Level 3.4 Hexes
 + Level 0.4 Ice Magic


You had 3 spell levels left.
You knew the following spells:

 Your Spells              Type           Power        Failure   Level  Hunger
a - Corona                Hex            ##.....      4%          1    #......
b - Ensorcelled Hibernat  Hex/Ice        #.....       13%         2    ###....

Your spell library contained the following spells:

 Spells                   Type           Power        Failure   Level  Hunger
 Confuse                  Hex            ##......     14%         3    ###....
 Tukima's Dance           Hex            ##......     14%         3    ###....
 Dazzling Spray           Conj/Hex       #.....       28%         3    ###....


Dungeon Overview and Level Annotations

Branches:
Dungeon (2/15)

Altars:
Vehumet
The Shining One

Annotations:
D:2 Sigmund


Innate Abilities, Weirdness & Mutations

You have large cloven feet.


Message History

* * * LOW HITPOINT WARNING * * *
You feel sick.
Unknown command.
The helpless Sigmund fails to defend himself.
You puncture Sigmund!
Sigmund is moderately wounded.
* * * LOW HITPOINT WARNING * * *
You feel sick. Sigmund closely misses you.
Unknown command.
You aren't carrying any items that you can evoke.
Unknown command.
Unknown command.
Things that are here:
a stone; 20 arrows Unknown command.
* * * LOW HITPOINT WARNING * * *
You feel sick. Sigmund casts a spell at you. The magic dart hits you!
You die...

#...###.....).# #
....'...#.....+ .#
####...###.#.#...##.####
#..#.#...#.#.#...#.....#
#......#.....÷.........+
##.#.###...#.#.........
#.#.÷.....#.#...#...#
#......<..#.#.(###.## .#
##..._..>...+..@#...#..#
.........%.#.#...(._....#
###.......##.#.?.#...#...
#..........#$.###@##
#......#####... K.#
#......# #... ....
######## #... ##### ###


You could see Sigmund and a kobold.

Vanquished Creatures
  An ooze (D:1)
  2 dart slugs (D:1)
  2 giant cockroaches (D:1)
  2 goblins (D:1)
  3 hobgoblins
  5 kobolds (D:1)
  4 bats (D:1)
  2 frilled lizards
  3 rats (D:1)
24 creatures vanquished.

Notes
Turn   | Place    | Note
-------+----------+-------------------------------------------
     0 | D:1      | Jannitor the Demonspawn Enchanter began the quest for the Orb.
     0 | D:1      | Reached XP level 1. HP: 13/13 MP: 3/3
    53 | D:1      | Reached skill level 1 in Short Blades
   108 | D:1      | Gained mutation: You have large cloven feet. [demonic ancestry]
   108 | D:1      | Reached XP level 2. HP: 18/19 MP: 1/5
   343 | D:1      | Learned a level 2 spell: Ensorcelled Hibernation
   727 | D:1      | Reached XP level 3. HP: 15/24 MP: 3/6
  1117 | D:2      | Found a glowing golden altar of the Shining One.
  1430 | D:2      | Found a radiant altar of Vehumet.
  1430 | D:2      | Noticed Sigmund
  1438 | D:2      | Killed from afar by Sigmund

Vault maps used:
D:1:      dpeg_arrival_shrine, minivault_14
D:2:      overflow_temple_1_default, vehumet_crystals, uniq_sigmund

Skill      XL: |  1  2 |
---------------+-------+-----
Short Blades   | 1 |  1.6
Stealth        | 3 |  3.1
Dodging        | |  1.7
Spellcasting   | |  2.0
Hexes          | |  3.4
Ice Magic      | |  0.4

Action                   || total
-------------------------++-------
Melee: Dagger            ||    82
       Kick              ||    15
 Cast: Corona            ||     7
       Ensorcelled Hiber ||     9
  Use: Potion            ||     3
 Stab: Sleeping          ||     9
  Eat: Chunk             ||     2
Armor: Robe              ||    19
Dodge: Dodged            ||    55

Table legend:
 A = Spawn XP
 B = Non-spawn XP
 C = Spawn XP percentage of total XP
 D = Spawn monster count
 E = Non-spawn monster count
 F = Spawn count percentage of total count
 G = Total turns spent on level
                    A         B        C        D         E        F      G
               +---------+---------+-------+---------+---------+-------+---------
         Total |       0 |      49 |   0.0 |       0 |      24 |   0.0 |  1438
               +---------+---------+-------+---------+---------+-------+---------
           D:1 |       0 |      44 |   0.0 |       0 |      21 |   0.0 |  1245
           D:2 |       0 |       5 |   0.0 |       0 |       3 |   0.0 |   193
               +---------+---------+-------+---------+---------+-------+---------
